 Dungeon Crawl Stone Soup version 0.27-a0-1090-gb115f176c6 (webtiles) character file.

Game seed: 7784160961526117590

1652 kae the Ruffian (level 8, -2/62 HPs)
             Began as a Demonspawn Gladiator on Apr 27, 2021.
             Was a Believer of Qazlal.
             Slain by a hornet (6 damage)
             ... while paralysed by a hornet
             ... on level 7 of the Dungeon.
             The game lasted 00:05:53 (9163 turns).

kae the Ruffian (Demonspawn Gladiator)              Turns: 9163, Time: 00:05:53

Health: -2/62      AC:  8    Str: 17    XL:     8   Next: 68%
Magic:  12/12      EV:  2    Int: 10    God:    Qazlal [**....]
Gold:   322        SH:  0    Dex: 14    Spells: 7/7 levels left

rFire    . . .     SeeInvis .     - Unarmed
rCold    . . .     Faith    .   (no shield)
rNeg     . . .     Spirit   .   a - +0 leather armour
rPois    .         Reflect  .   b - +0 helmet
rElec    .         Harm     .   (no cloak)
rCorr    .         Rampage  .   (no gloves)
Will     .....                  l - +0 pair of boots
Stlth    +.........             (no amulet)
HPRegen  0.20/turn              (no ring)
MPRegen  0.13/turn              (no ring)

@: paralysed, lethally poisoned (-2 -> -5), slowed
A: claws 2, icy blue scales 2, demonic magic 1
a: Renounce Religion, Upheaval


You were on level 7 of the Dungeon.
You worshipped Qazlal.
Qazlal was pleased with you.
You visited 1 branch of the dungeon, and saw 7 of its levels.

You collected 322 gold pieces.

Inventory:

Missiles
 c - 3 throwing nets (quivered)
 m - 6 atropa-tipped darts
Armour
 a - a +0 leather armour (worn)
 b - a +0 helmet (worn)
 l - a +0 pair of boots (worn)
Jewellery
 p - a +6 ring of intelligence
Scrolls
 d - 5 scrolls of enchant weapon
 g - 2 scrolls of teleportation
Potions
 e - 3 potions of attraction
 f - 2 potions of lignification
 h - a potion of magic
 i - 2 potions of flight
 n - 2 potions of curing


   Skills:
 + Level 5.3 Fighting
 - Level 1.7 Throwing
 + Level 5.2 Dodging
 * Level 7.0 Unarmed Combat
 + Level 5.9 Invocations


You had 7 spell levels left.
You didn't know any spells.
Your spell library was empty.

Dungeon Overview and Level Annotations

Branches:
Dungeon (7/15)             Temple (0/1) D:6

Altars:
Qazlal

Annotations:
D:5 1 runed translucent door, Mgcat's ghost, novice DjIE


Innate Abilities, Weirdness & Mutations

You have very sharp fingernails.
You are mostly covered in icy blue scales. (AC +3)
Spells you cast may paralyse adjacent enemies.


Message History

There is a stone staircase leading up here.
Okay, then.
Okay, then.
You hear an angry buzzing noise.
A hornet comes into view.
You scratch the hornet.
The hornet is lightly wounded.
The hornet stings you but does no damage.
You claw the hornet!
The hornet is heavily wounded.
The hornet stings you!
You are poisoned.
You feel yourself slow down. The hornet barely misses you.
You closely miss the hornet.
The hornet is heavily wounded.
You feel very sick. The hornet stings you!
You feel as though you will be slow longer.
The hornet stings you!
You feel as though you will be slow longer.
You are too injured to fight recklessly!
You are too injured to fight recklessly!
You are too injured to fight recklessly!
You are too injured to fight recklessly!
You are too injured to fight recklessly!
You claw the hornet!
The hornet is almost dead.
You feel sick. The hornet barely misses you.
You scratch the hornet but do no damage.
The hornet is severely wounded.
You feel sick. The hornet stings you!
* * * LOW HITPOINT WARNING * * *
You suddenly lose the ability to move!
The hornet stings you!
* * * LOW HITPOINT WARNING * * *
You feel as though you will be slow longer.
* * * LOW HITPOINT WARNING * * *
You feel sick.
The hornet stings you but does no damage.
The hornet stings you.
You die...

##### ...# #y###
#####@..#########
#...............#
....#####.#######.#
.# #.# #.# #.# #.#
#.# #.#
#.#######.######
#......<........
##........######


You could see a hornet.

Vanquished Creatures
  Eustachio (D:4)
  Edmund (D:3)
  An orc warrior (D:5)
  2 ice beasts
  A black bear (D:5)
  2 ogres
  A bullfrog (D:6)
  A water moccasin zombie (D:5)
  2 scorpions (D:5)
  2 jellies
  A bullfrog skeleton (D:5)
  A gnoll shaman (D:6)
  A hound (D:4)
  A centaur skeleton (D:6)
  Natasha (D:2)
  2 iguanas
  3 orc wizards
  A hound skeleton (D:4)
  Robin (D:4)
  8 gnolls
  5 adders
  2 white imps (D:6)
  3 ufetubi
  An adder skeleton (D:4)
  4 worms
  A dart slug (D:1)
  19 orcs
  8 ball pythons
  4 endoplasms
  A giant cockroach (D:2)
  15 goblins
  8 hobgoblins
  A quokka (D:1)
  2 bats (D:3)
  3 frilled lizards
  8 kobolds
  5 rats
124 creatures vanquished.

Notes
Turn   | Place    | Note
-------+----------+-------------------------------------------
     0 | D:1      | kae the Demonspawn Gladiator began the quest for the Orb.
     0 | D:1      | Reached XP level 1. HP: 16/16 MP: 1/1
   209 | D:1      | Reached skill level 3 in Unarmed Combat
   209 | D:1      | Gained mutation: You are partially covered in icy blue
                  | scales. (AC +2) [demonic ancestry]
   209 | D:1      | Reached XP level 2. HP: 21/22 MP: 2/2
   873 | D:1      | Found a faded altar of an unknown god.
  1836 | D:2      | Gained mutation: Spells you cast may paralyse adjacent
                  | enemies. [demonic ancestry]
  1836 | D:2      | Reached XP level 3. HP: 20/28 MP: 3/3
  1941 | D:2      | Found a stormy altar of Qazlal.
  1995 | D:2      | Became a worshipper of Qazlal Stormbringer
  2492 | D:2      | Noticed Natasha
  2532 | D:2      | Killed Natasha
  2533 | D:2      | Reached skill level 1 in Invocations
  2533 | D:2      | Gained mutation: You are mostly covered in icy blue scales.
                  | (AC +3) [demonic ancestry]
  2533 | D:2      | Reached XP level 4. HP: 3/34 MP: 4/4
  3433 | D:3      | Reached skill level 4 in Unarmed Combat
  3524 | D:3      | Reached XP level 5. HP: 17/40 MP: 6/6
  3796 | D:2      | Reached * piety under Qazlal
  4496 | D:4      | Noticed Edmund
  4743 | D:3      | Killed Edmund
  4744 | D:3      | Gained mutation: You have sharp fingernails. [demonic
                  | ancestry]
  4744 | D:3      | Reached XP level 6. HP: 47/47 MP: 5/7
  4850 | D:4      | Noticed Eustachio
  4932 | D:4      | Killed Eustachio
  4933 | D:4      | Reached skill level 5 in Unarmed Combat
  5287 | D:4      | Gained mutation: You have very sharp fingernails. [demonic
                  | ancestry]
  5287 | D:4      | Reached XP level 7. HP: 49/53 MP: 9/9
  5402 | D:4      | Noticed Robin
  5456 | D:4      | Killed Robin
  6129 | D:5      | Entered Level 5 of the Dungeon
  6707 | D:5      | Found a runed translucent door.
  6714 | D:5      | Noticed Mgcat's ghost (novice DjIE)
  6772 | D:5      | Reached skill level 6 in Unarmed Combat
  6772 | D:5      | Reached XP level 8. HP: 56/61 MP: 11/11
  6808 | D:5      | Reached ** piety under Qazlal
  6987 | D:5      | Reached skill level 5 in Invocations
  7619 | D:6      | Found a staircase to the Ecumenical Temple.
  7818 | D:5      | Reached skill level 5 in Dodging
  7985 | D:6      | Reached skill level 5 in Fighting
  8424 | D:6      | Reached skill level 7 in Unarmed Combat
  8694 | D:7      | Noticed a troll
  9156 | D:7      | Noticed a hornet
  9162 | D:7      | Paralysed by a hornet for 2 turns
  9163 | D:7      | Slain by a hornet

Illustrated notes

Levels and vault maps discovered:
D:1:      minmay_arrival_floating_metal, layout_loops_corners,
          ebering_ecumenical_altar_mist
D:2:      layout_loops_cross, basic_altar, uniq_natasha
D:3:      cheibrodos_old_hovel, layout_basic
D:4:      layout_basic, uniq_edmund, uniq_eustachio, uniq_robin
D:5:      layout_gridville, ebering_ghost_sewer_d
D:6:      layout_rooms, minmay_temple_entry_water_ring
D:7:      layout_loops_ring, nicolae_ossuary_entry_monument, serial_shops,
          shop_coins, st_stairs_2, nrook_loot_triangle, uniq_duvessa,
          uniq_menkaure, uniq_pikel

Skill      XL: |  1  2  3  4  5  6  7  8 |
---------------+-------------------------+-----
Unarmed Combat | 3 4 5 6 7 |  7.0
Dodging        | 3 4 5 |  5.2
Invocations    | 1 2 3 4 5 |  5.9
Fighting       | 3 4 5 |  5.3
Throwing       | |  1.7

Action                   |  1- 3 |  4- 6 |  7- 9 || total
-------------------------+-------+-------+-------++-------
Melee: Unarmed           |   167 |   225 |   225 ||   617
       Punch             |     4 |     5 |     8 ||    17
  Use: Scroll            |     3 |     5 |     5 ||    13
       Potion            |     4 |     1 |     2 ||     7
 Stab: Sleeping          |     1 |       |       ||     1
Armor: Leather armour    |    39 |    58 |    68 ||   165
Dodge: Dodged            |    85 |   128 |   163 ||   376
Block: Other             |       |     6 |    18 ||    24

Table legend: (Time is in decaauts)
 A = Elapsed time spent in this place.
 B = Non-inter-level travel time spent in this place.
 C = Inter-level travel time spent in this place.
 D = Time resting spent in this place.
 E = Time spent auto-exploring this place.
 F = Levels seen in this place.
 G = Mean time per level.
                   A        B        C        D        E       F      G
               +--------+--------+--------+--------+--------+-----+--------+
         Total |   9134 |   8967 |    167 |   1229 |   6486 |   7 | 1304.9 |
       Dungeon |   9134 |   8967 |    167 |   1229 |   6486 |   7 | 1304.9 |
               +--------+--------+--------+--------+--------+-----+--------+

Top non-repeatable levels by time:
     D:2: 2138 daAuts
     D:5: 2111 daAuts
     D:1: 1625 daAuts
     D:4: 1507 daAuts
     D:6: 876 daAuts
     D:3: 837 daAuts
     D:7: 37 daAuts
